 Dungeon Sprint DCSS version 0.30-a0-996-ga6910c8ee8 (webtiles) character file.

Game seed: 13642486133438206032

2653 DiggyJ the Grappler (level 9, -3/151 HPs)
             Began as a Troll Berserker on Apr 4, 2023.
             Was a High Priest of Trog.
             Slain by a polar bear (6 damage)
             ... in the Dungeon (Sprint II: "The Violet Keep of Menkaure").
             The game lasted 00:03:38 (423 turns).

DiggyJ the Grappler (Troll Berserker)                Turns: 423, Time: 00:03:39

Health: -3/151     AC:  6    Str: 31    XL:     9   Next: 36%
Magic:  8/8        EV: 12    Int:  3    God:    Trog [*****.]
Gold:   549        SH:  0    Dex:  9    Spells: 8/8 levels left

rFire   . . .      SeeInvis .      - Unarmed
rCold   . . .      Faith    .    (no shield)
rNeg    . . .      Spirit   .    a - +0 animal skin
rPois   +          Reflect  .    (helmet restricted)
rElec   .          Rampage  .    h - +1 cloak {rPois}
rCorr   .          NoTele   +    (gloves unavailable)
Will    .....                    (boots unavailable) Stlth
                                 (no amulet)
HPRegen 1.25/turn                (no ring)
MPRegen 0.11/turn                (no ring)

@: berserking, very quick
A: large, unfitting armour, claws 3, regeneration 1, shaggy fur 1, tough skin 1,
inability to drink after injury 1
a: Renounce Religion, Berserk, Trog's Hand, Brothers in Arms


You were in the Dungeon.
You worshipped Trog.
Trog was extremely pleased with you.
You visited 1 branch You collected 729 gold pieces.
You spent 180 gold pieces at shops.

Inventory:

Armour
 a - a +0 animal skin (worn)
 h - a +1 cloak of poison resistance (worn)
Scrolls
 g - a scroll of blinking
Potions
 b - a potion of curing
 c - a potion of heal wounds
 d - a potion of haste
 e - 2 potions of magic
 f - a potion of berserk rage


   Skills:
 + Level 10.1 Fighting
 + Level 10.3 Dodging
 + Level 14.5 Unarmed Combat


You had 8 spell levels left.
You didn't know any spells.
Your spell library contained the following spells:

 Spells                   Type           Power      Damage    Failure   Level
 Sting                    Tmut/Pois      0%         1d3       52%         1
 Passwall                 Tmut/Erth      0%         N/A       67%         2
 Blade Hands              Tmut           0%         N/A       100%        5
 Yara's Violent Unravell  Hex/Tmut       0%         3d3       100%        5
 Statue Form              Tmut/Erth      0%         N/A       100%        6


Dungeon Overview and Level Annotations

Branches:
Dungeon (1/1)

Altars:
Cheibriados
Dithmenos
Elyvilon
Fedhas
Hepliaklqana
Kikubaaqudgha
Makhleb
Qazlal
Ru
Sif Muna
Trog
Wu Jian
Xom
Jiyva
Lugonu

Shops:
D :==([![=!(([(:?=

Annotations:
D exclusions: ice statue, obsidian statue and oklob plant


Innate Abilities, Weirdness & Mutations

You are too large for most types of armour.
You have claws for hands.
Your natural rate of healing is unusually fast.
You are covered in fur. (AC +1)
You have tough skin. (AC +1)
You occasionally lose the ability to drink potions when taking damage.


Message History

* * * LOW HITPOINT WARNING * * *
Something hits you.
* * * LOW HITPOINT WARNING * * *
You claw the polar bear!
The polar bear is heavily wounded.
You hear a splashing noise.
The polar bear bites you.
* * * LOW HITPOINT WARNING * * *
The polar bear barely misses you. The polar bear claws you.
* * * LOW HITPOINT WARNING * * *
You eviscerate the polar bear!!!
You kill the polar bear!
Trog accepts your kill. Something hits you but does no damage.
Something hits you.
* * * LOW HITPOINT WARNING * * *
A polar bear comes into view.
The polar bear growls angrily.
Something hits you!
* * * LOW HITPOINT WARNING * * *
The polar bear closely misses you.
The polar bear claws you but does no damage.
The polar bear claws you.
* * * LOW HITPOINT WARNING * * *
The polar bear bites you.
* * * LOW HITPOINT WARNING * * *
The polar bear misses you. The polar bear barely misses you.
Something hits you.
* * * LOW HITPOINT WARNING * * *
You mangle the polar bear!!
The polar bear is heavily wounded.
Something hits you.
* * * LOW HITPOINT WARNING * * *
You claw the polar bear!
The polar bear is severely wounded.
Something hits you.
* * * LOW HITPOINT WARNING * * *
The polar bear bites you but does no damage.
The polar bear barely misses you. The polar bear closely misses you.
The polar bear bites you.
You die...

+++## .^ ....# .. ##..#
#. .##.#### +.###
..#....# ...####
.####..#####..##$#
###.##..#$.'..#cy#
##.#.#..#.$#..#hh#
.'.##'..####..##@#
##..##....###...##▓▓▓
###.##......~~~{~~~~~~~
.####~~.....~#+########
#.#~~~~§~~..~#.._.....#
.##~~~~~§§~.~#._._....#
##~~~§≈≈§§~~~#_._._...#
§§~~~~≈≈§§§§~#._._._..#
§§'#~§≈≈≈≈≈≈§#_._._._.#


You could see 2 polar bears, a yaktaur and a hornet.

Vanquished Creatures
  Roxanne (D)
  A merfolk siren (D)
  A polar bear (D)
  2 wyverns (D)
  4 neqoxecs (D)
  Menkaure (D)
  4 scorpions (D)
  A hell rat (D)
15 creatures vanquished.

Vanquished Creatures (others)
  A water moccasin (D)
1 creature vanquished.

Grand Total: 16 creatures vanquished

Notes
Turn   | Place    | Note
-------+----------+-------------------------------------------
     0 | D        | DiggyJ the Troll Berserker began the quest for the Orb.
     0 | D        | Reached XP level 1. HP: 22/22 MP: 0/0
     1 | D        | Noticed a neqoxec
     1 | D        | Noticed a neqoxec
     1 | D        | Noticed a neqoxec
     1 | D        | Noticed a neqoxec
     1 | D        | Gained mutation: Your spells are a little harder to cast,
                  | but a little more powerful. [a neqoxec]
     1 | D        | Gained mutation: You occasionally lose the ability to drink
                  | potions when taking damage. [a neqoxec]
     7 | D        | Killed a neqoxec
     8 | D        | Reached skill level 5 in Fighting
     8 | D        | Reached skill level 5 in Dodging
     8 | D        | Reached skill level 6 in Unarmed Combat
     8 | D        | Reached XP level 2. HP: 35/35 MP: 1/1
     8 | D        | Reached XP level 3. HP: 42/42 MP: 2/2
     8 | D        | Reached XP level 4. HP: 50/50 MP: 3/3
     9 | D        | Lost mutation: Your spells are a little harder to cast, but
                  | a little more powerful. [a neqoxec]
    13 | D        | Killed a neqoxec
    14 | D        | Reached skill level 7 in Unarmed Combat
    14 | D        | Reached XP level 5. HP: 61/61 MP: 4/4
    14 | D        | Killed a neqoxec
    14 | D        | Reached ** piety under Trog
    15 | D        | Reached skill level 8 in Unarmed Combat
    15 | D        | Reached XP level 6. HP: 71/71 MP: 5/5
    20 | D        | Killed a neqoxec
    21 | D        | Reached skill level 9 in Unarmed Combat
    62 | D        | Reached XP level 7. HP: 79/79 MP: 6/6
    65 | D        | Reached skill level 10 in Unarmed Combat
    69 | D        | Reached *** piety under Trog
   101 | D        | Noticed a merfolk siren
   112 | D        | Killed a merfolk siren
   113 | D        | Reached skill level 11 in Unarmed Combat
   113 | D        | Reached XP level 8. HP: 88/89 MP: 7/7
   119 | D        | Reached **** piety under Trog
   125 | D        | Reached skill level 12 in Unarmed Combat
   161 | D        | Found a stormy altar of Qazlal.
   162 | D        | Found an ornate altar of the Wu Jian Council.
   177 | D        | Found Iluma's Book Emporium.
   177 | D        | Found Wilim's Distillery.
   177 | D        | Found Japhegro's Jewellery Emporium.
   177 | D        | Found Kovighimp's Antique Armour Shoppe.
   177 | D        | Found Qicism's Weapon Shoppe.
   177 | D        | Found Tehaka Zosh's Distillery.
   178 | D        | Found Itiseosuij's Antique Weapon Emporium.
   178 | D        | Found Nobesefi's Antique Weapon Shoppe.
   178 | D        | Found Ypeawax's Magic Scroll Shoppe.
   178 | D        | Found Qameyff's Antique Weapon Emporium.
   179 | D        | Found Meas's Jewellery Shoppe.
   179 | D        | Found Kangicva's Jewellery Emporium.
   180 | D        | Found Sutsisit's Armour Shoppe.
   180 | D        | Found Iwygg's Antique Armour Emporium.
   181 | D        | Noticed Menkaure
   181 | D        | Noticed an oklob plant
   182 | D        | Found Keshilia's Book Shoppe.
   183 | D        | Noticed a death yak
   195 | D        | Killed Menkaure
   205 | D        | Bought a runed cloak for 180 gold pieces
   271 | D        | Identified Roxanne's Secrets of the Figure
   271 | D        | Noticed Roxanne
   289 | D        | Killed Roxanne
   289 | D        | Reached ***** piety under Trog
   290 | D        | Reached skill level 10 in Fighting
   290 | D        | Reached skill level 10 in Dodging
   290 | D        | Reached skill level 14 in Unarmed Combat
   290 | D        | Reached XP level 9. HP: 101/101 MP: 8/8
   316 | D        | Noticed an ice statue
   329 | D        | Found Innae's Jewellery Boutique.
   339 | D        | Noticed an obsidian statue
   396 | D        | Found a hazy altar of Hepliaklqana.
   396 | D        | Found a sacrificial altar of Ru.
   397 | D        | Found a viscous altar of Jiyva.
   397 | D        | Found a shimmering blue altar of Sif Muna.
   398 | D        | Found a shimmering altar of Xom.
   399 | D        | Found a snail-covered altar of Cheibriados.
   399 | D        | Found an ancient bone altar of Kikubaaqudgha.
   399 | D        | Found a bloodstained altar of Trog.
   400 | D        | Found a shadowy altar of Dithmenos.
   400 | D        | Found a corrupted altar of Lugonu.
   401 | D        | Found a white marble altar of Elyvilon.
   401 | D        | Found a burning altar of Makhleb.
   402 | D        | Found a blossoming altar of Fedhas.
   415 | D        | Noticed a yaktaur
   415 | D        | Noticed a polar bear
   415 | D        | Noticed a polar bear
   420 | D        | Killed a polar bear
   421 | D        | Noticed a polar bear
   422 | D        | HP: 6/151 [something (5)]
   423 | D        | Slain by a polar bear

Illustrated notes

Levels and vault maps discovered:
D:        the_violet_keep_of_menkaure [sprint2_stairs_cluster_1,
          sprint2_shoproom, sprint2_temple, sprint2_basic_supplies,
          sprint2_obstacle_6, sprint2_obstacle_3, sprint2_obstacle_7,
          sprint2_obstacle_2, sprint2_obstacle_1, sprint2_timed_cluster_1,
          sprint2_smallroom_cluster_1, sprint2_smallroom_final_cluster_1,
          sprint2_transparent_cluster_1, sprint2_second_timed_cluster_1,
          sprint2_sniper_area_1, sprint2_heavy_combat_area_1,
          sprint2_mutation_trap_area_1, sprint2_forest_area_1,
          sprint2_light_combat_area_1, sprint2_behind_water_1,
          sprint2_near_end_vault_1]

Skill      XL: |  1  2  3  4  5  6  7  8 |
---------------+-------------------------+-----
Fighting       | 5 6 7 8 10 | 10.1
Dodging        | 5 6 7 8 10 | 10.3
Unarmed Combat | 6 7 8 9 11 14 | 14.5

Action                     |  1- 3 |  4- 6 |  7- 9 || total
---------------------------+-------+-------+-------++-------
  Melee: Unarmed           |     5 |    14 |    56 ||    75
         Punch             |       |       |     4 ||     4
 Invoke: Berserk           |     1 |       |     2 ||     3
 Armour: Animal skin       |       |       |    15 ||    15
  Dodge: Dodged            |     2 |     2 |    21 ||    25

Table legend: (Time is in decaauts)
 A = Elapsed time spent in this place.
 B = Non-inter-level travel time spent in this place.
 C = Inter-level travel time spent in this place.
 D = Time resting spent in this place.
 E = Time spent auto-exploring this place.
 F = Levels seen in this place.
 G = Mean time per level.
                   A        B        C        D        E       F      G
               +--------+--------+--------+--------+--------+-----+--------+
         Total |    418 |    382 |     36 |    108 |      0 |   1 |  418.0 |
       Dungeon |    418 |    382 |     36 |    108 |      0 |   1 |  418.0 |
               +--------+--------+--------+--------+--------+-----+--------+

Top non-repeatable levels by time:
       D: 418 daAuts
